 Dungeon Crawl Stone Soup version 0.14-a0-2061-g6c6fb9c (webtiles) character file.

1431 Nicoed the Shield-Bearer (level 8, -1/105 HPs)
             Began as a Minotaur Fighter on Jan 21, 2014.
             Slain by a worm (8 damage)
             ... on Level 5 of the Dungeon.
             The game lasted 00:08:24 (3842 turns).

Nicoed the Shield-Bearer (Minotaur Fighter)         Turns: 3842, Time: 00:08:24

HP  -1/105       AC 12     Str 27      XL: 8   Next: 26%
MP   3/3         EV  5     Int  5      God:
Gold 181         SH 22     Dex 11      Spells:  0 memorised,  7 levels left

rFire  . . .     SeeInvis .     h - +0,+1 orc falchion
rCold  . . .     Clarity  .     k - +0 plate armour
rNeg   . . .     Conserve .     c - +0 shield
rPois  .         rCorr    .     (helmet restricted)
rElec  .         rRot     .     (no cloak)
SustAb . .       Spirit   .     (no gloves)
rMut   .         Warding  .     (no boots)
Saprov . . .     Stasis   .     (no amulet)
MR     .....                    (no ring)
                                (no ring)

@: berserking (expiring), very quick, not resistant to hostile enchantments,
extremely unstealthy
A: retaliatory headbutt, horns 2
a: no special abilities


You were on level 5 of the Dungeon.
You were not hungry.

You visited 1 branch of the dungeon, and saw 5 of its levels.

You collected 181 gold pieces.

Inventory:

Hand weapons
 a - a +1,+2 bow of flame
 h - a +0,+1 orcish falchion (weapon)
Armour
 c - a +0 shield (worn)
 k - a +0 plate armour (worn)
Comestibles
 d - a meat ration
 q - 2 bread rations
 r - a rambutan
Scrolls
 b - a scroll of fog {unknown}
 e - 5 scrolls of remove curse
 f - 2 scrolls of recharging {unknown}
 g - a scroll of immolation {unknown}
 i - 4 scrolls of magic mapping {unknown}
 l - a scroll of curse armour {unknown}
 n - a scroll of amnesia {unknown}
 o - a scroll of noise {unknown}
 v - a scroll of blinking {unknown}
Potions
 j - a potion of restore abilities
 m - a potion of brilliance
 p - a potion of lignification
 u - a potion of heal wounds {unknown}
 w - a potion of poison {unknown}


   Skills:
 + Level 6.3 Fighting
 + Level 5.8 Long Blades
 + Level 6.5 Armour
 + Level 4.4 Dodging
 + Level 6.6 Shields


You had 7 spell levels left.
You didn't know any spells.

Dungeon Overview and Level Annotations

Branches:
Dungeon (5/16)
 Temple: D:4-7

Altars:


Innate Abilities, Weirdness & Mutations

You reflexively headbutt those who attack you in melee.
You have a pair of horns on your head.


Message History

You feel yourself moving faster!
You feel mighty! You block Pikel's attack.
Unknown command.
You slash Pikel!
You kill Pikel!
Your Fighting skill increases to level 6!
Your Armour skill increases to level 6!
Your Dodging skill increases to level 4!
You have reached level 8!
You feel agile.
With Pikel's spell broken, the former slaves thank you for their freedom.
You swap places.
The worm bites you!
* * * LOW HITPOINT WARNING * * *
There is an open door, spattered with blood here.
Items here: %% ) [[[ You hit the worm.
The worm is lightly wounded.
You barely miss the worm.
The worm is lightly wounded.
The freed slave hits the worm!
The worm bites you!
You die...

##########.. #.. #+# ### #.#
##### ###### #.# #...# .....#
###### #.# #...# .....# #)....
#.# #...# .....######.....
###.######...####................
.........+...'@.@@...............
...##.####...####w............)..
...##%##.....# .....######.....
...#.%......## .....# #.....
...#........# .....######.....
...#........# ######..........
...#........# #..........
...##.##....# #........##
.####.##....# #........#


You could see a worm and 2 neutral freed slaves.

Vanquished Creatures
  Pikel (D:5)
  2 slaves (D:5)
  3 ogres
  A crimson imp (D:5)
  A gnoll shaman (D:5)
  4 hounds
  An orc priest (D:3)
  An orc wizard (D:3)
  A scorpion (D:5)
  4 worker ants
  6 gnolls (D:5)
  3 adders
  3 worms (D:3)
  2 adder skeletons
  A giant eyeball (D:4)
  A giant gecko (D:3)
  2 oozes (D:2)
  5 orcs
  2 ball pythons
  9 bats
  2 giant cockroaches
  8 hobgoblins
  5 jackals (D:3)
  2 quokkas
  4 giant newts
  6 goblins
  8 kobolds
  A quokka skeleton (D:5)
  10 rats
99 creatures vanquished.

Vanquished Creatures (others)
  5 toadstools (D:1)
5 creatures vanquished.

Grand Total: 104 creatures vanquished

Notes
Turn   | Place    | Note
--------------------------------------------------------------
     0 | D:1      | Nicoed, the Minotaur Fighter, began the quest for the Orb.
     0 | D:1      | Reached XP level 1. HP: 19/19 MP: 1/1
   201 | D:1      | Reached XP level 2. HP: 25/27 MP: 1/1
   384 | D:1      | Reached skill level 4 in Armour
   711 | D:2      | Reached XP level 3. HP: 29/33 MP: 2/2
  1070 | D:2      | Reached skill level 1 in Dodging
  1258 | D:3      | Reached XP level 4. HP: 8/40 MP: 2/2
  1711 | D:3      | Reached XP level 5. HP: 21/46 MP: 2/2
  2000 | D:4      | Paralysed by a giant eyeball for 4 turns
  2006 | D:4      | Reached skill level 5 in Shields
  2258 | D:4      | Noticed an ogre
  2282 | D:4      | Killed an ogre
  2282 | D:4      | Reached skill level 5 in Armour
  2282 | D:4      | Reached XP level 6. HP: 29/53 MP: 3/3
  2540 | D:4      | Noticed an ogre
  2547 | D:4      | Killed an ogre
  2638 | D:5      | Entered Level 5 of the Dungeon
  2647 | D:5      | Reached skill level 5 in Fighting
  2980 | D:5      | Reached XP level 7. HP: 49/61 MP: 3/3
  3413 | D:5      | Reached skill level 6 in Shields
  3504 | D:5      | Reached skill level 5 in Long Blades
  3814 | D:5      | Noticed Pikel
  3839 | D:5      | Killed Pikel
  3839 | D:5      | Reached XP level 8. HP: 15/70 MP: 3/3
  3842 | D:5      | Slain by a worm

Action                   |  1- 3 |  4- 6 |  7- 9 || total
-------------------------+-------+-------+-------++-------
Melee: Falchion          |    95 |   188 |   127 ||   410
  Use: Scroll            |       |     1 |     4 ||     5
       Potion            |       |       |     1 ||     1
